Workbook

Sheet Paramètres_Pack
A1: Paramètre | B1: Valeur (modifiable)
A2: tol_TVA_warn | B2: 0.05
A3: tol_TVA_crit | B3: 1
A4: aged_pct_90_warn | B4: 0.3
A5: aged_days_warn | B5: 30
A6: aged_days_crit | B6: 90
A7: vmp_pvmv_warn_abs | B7: 100
A8: vmp_pvmv_crit_abs | B8: 1000
A9: rappro_tol_warn | B9: 0.01
A10: rappro_tol_crit | B10: 1
A11: tva_nette_warn_abs | B11: 100

Sheet README
A1: Pack Compta — Mode d'emploi
A3: Ce pack regroupe FEC, TVA, Balance âgée, VMP, Rapprochement bancaire.
A4: Conseil : travaillez sur une COPIE et archivez par période (AAAAMM).
A5: Feuilles : FEC_Gabarit | TVA_Saisie + TVA_Declaration | Balance_Agee | VMP_Portefeuille + VMP_Evaluation | Rappro_Banque.
A6: Dates : AAAA-MM-JJ. Montants positifs. En-têtes bleues = colonnes clés.
A7: VMP : colonnes PMP/Stock/PV-MV dynamiques (formules). Rappro : solde calculé & écart.

Sheet FEC_Gabarit
A1: JournalCode | B1: JournalLib | C1: EcritureNum | D1: EcritureDate | E1: CompteNum | F1: CompteLib | G1: CompAuxNum | H1: CompAuxLib | I1: PieceRef | J1: PieceDate | K1: EcritureLib | L1: Debit | M1: Credit | N1: EcritureLet | O1: DateLet | P1: ValidDate | Q1: Montantdevise | R1: Idevise

Sheet TVA_Saisie
A1: Date | B1: Pièce/Ref | C1: Tiers | D1: Nature | E1: Taux | F1: Base HT | G1: TVA | H1: Pays/Zone | I1: Note
G2: =IF(AND(F2<>"" , E2<>"" , OR(D2="Collecte",D2="Déductible")), F2*E2, "")
G3: =IF(AND(F3<>"" , E3<>"" , OR(D3="Collecte",D3="Déductible")), F3*E3, "")
G4: =IF(AND(F4<>"" , E4<>"" , OR(D4="Collecte",D4="Déductible")), F4*E4, "")
G5: =IF(AND(F5<>"" , E5<>"" , OR(D5="Collecte",D5="Déductible")), F5*E5, "")
G6: =IF(AND(F6<>"" , E6<>"" , OR(D6="Collecte",D6="Déductible")), F6*E6, "")
G7: =IF(AND(F7<>"" , E7<>"" , OR(D7="Collecte",D7="Déductible")), F7*E7, "")
G8: =IF(AND(F8<>"" , E8<>"" , OR(D8="Collecte",D8="Déductible")), F8*E8, "")
G9: =IF(AND(F9<>"" , E9<>"" , OR(D9="Collecte",D9="Déductible")), F9*E9, "")
G10: =IF(AND(F10<>"" , E10<>"" , OR(D10="Collecte",D10="Déductible")), F10*E10, "")
G11: =IF(AND(F11<>"" , E11<>"" , OR(D11="Collecte",D11="Déductible")), F11*E11, "")
G12: =IF(AND(F12<>"" , E12<>"" , OR(D12="Collecte",D12="Déductible")), F12*E12, "")
G13: =IF(AND(F13<>"" , E13<>"" , OR(D13="Collecte",D13="Déductible")), F13*E13, "")
... G501: =IF(AND(F501<>"" , E501<>"" , OR(D501="Collecte",D501="Déductible")), F501*E501, "")

Sheet TVA_Declaration
A1: Synthèse TVA (période de saisie)
A2: Taux | B2: Base Collecte | C2: TVA Collecte | D2: Base Déductible | E2: TVA Déductible | G2: Totaux & nette | H2: Collecte - Déductible
A3: 0.2 | B3: =SUMIFS(TVA_Saisie!$F:$F,TVA_Saisie!$E:$E,0.2,TVA_Saisie!$D:$D,"Collecte") | C3: =SUMIFS(TVA_Saisie!$G:$G,TVA_Saisie!$E:$E,0.2,TVA_Saisie!$D:$D,"Collecte") | D3: =SUMIFS(TVA_Saisie!$F:$F,TVA_Saisie!$E:$E,0.2,TVA_Saisie!$D:$D,"Déductible") | E3: =SUMIFS(TVA_Saisie!$G:$G,TVA_Saisie!$E:$E,0.2,TVA_Saisie!$D:$D,"Déductible") | G3: Collecte TVA | H3: =SUM(C3:C6)
A4: 0.1 | B4: =SUMIFS(TVA_Saisie!$F:$F,TVA_Saisie!$E:$E,0.1,TVA_Saisie!$D:$D,"Collecte") | C4: =SUMIFS(TVA_Saisie!$G:$G,TVA_Saisie!$E:$E,0.1,TVA_Saisie!$D:$D,"Collecte") | D4: =SUMIFS(TVA_Saisie!$F:$F,TVA_Saisie!$E:$E,0.1,TVA_Saisie!$D:$D,"Déductible") | E4: =SUMIFS(TVA_Saisie!$G:$G,TVA_Saisie!$E:$E,0.1,TVA_Saisie!$D:$D,"Déductible") | G4: Déductible TVA | H4: =SUM(E3:E6)
A5: 0.055 | B5: =SUMIFS(TVA_Saisie!$F:$F,TVA_Saisie!$E:$E,0.055,TVA_Saisie!$D:$D,"Collecte") | C5: =SUMIFS(TVA_Saisie!$G:$G,TVA_Saisie!$E:$E,0.055,TVA_Saisie!$D:$D,"Collecte") | D5: =SUMIFS(TVA_Saisie!$F:$F,TVA_Saisie!$E:$E,0.055,TVA_Saisie!$D:$D,"Déductible") | E5: =SUMIFS(TVA_Saisie!$G:$G,TVA_Saisie!$E:$E,0.055,TVA_Saisie!$D:$D,"Déductible") | G5: Nette | H5: =H3-H4
A6: 0.021 | B6: =SUMIFS(TVA_Saisie!$F:$F,TVA_Saisie!$E:$E,0.021,TVA_Saisie!$D:$D,"Collecte") | C6: =SUMIFS(TVA_Saisie!$G:$G,TVA_Saisie!$E:$E,0.021,TVA_Saisie!$D:$D,"Collecte") | D6: =SUMIFS(TVA_Saisie!$F:$F,TVA_Saisie!$E:$E,0.021,TVA_Saisie!$D:$D,"Déductible") | E6: =SUMIFS(TVA_Saisie!$G:$G,TVA_Saisie!$E:$E,0.021,TVA_Saisie!$D:$D,"Déductible") | G6: Statut | H6: =IF(H5>0,"A payer","A reporter")

Sheet Balance_Agee
A1: Tiers | B1: Pièce | C1: Date facture | D1: Echéance | E1: Montant | F1: Jours retard | G1: 0-30 | H1: 31-60 | I1: 61-90 | J1: 91-120 | K1: >120 | L1: Statut
F2: =IF(D2="", "", TODAY()-D2) | G2: =IF(AND(E2<>"" , $F2>=0, $F2<=30), E2, 0) | H2: =IF(AND(E2<>"" , $F2>30, $F2<=60), E2, 0) | I2: =IF(AND(E2<>"" , $F2>60, $F2<=90), E2, 0) | J2: =IF(AND(E2<>"" , $F2>90, $F2<=120), E2, 0) | K2: =IF(AND(E2<>"" , $F2>120), E2, 0) | L2: =IF($F2>0,"En retard","A l'échéance") | N2: Totaux par tranche
F3: =IF(D3="", "", TODAY()-D3) | G3: =IF(AND(E3<>"" , $F3>=0, $F3<=30), E3, 0) | H3: =IF(AND(E3<>"" , $F3>30, $F3<=60), E3, 0) | I3: =IF(AND(E3<>"" , $F3>60, $F3<=90), E3, 0) | J3: =IF(AND(E3<>"" , $F3>90, $F3<=120), E3, 0) | K3: =IF(AND(E3<>"" , $F3>120), E3, 0) | L3: =IF($F3>0,"En retard","A l'échéance") | N3: 0-30 | O3: =SUM(G2:G400)
F4: =IF(D4="", "", TODAY()-D4) | G4: =IF(AND(E4<>"" , $F4>=0, $F4<=30), E4, 0) | H4: =IF(AND(E4<>"" , $F4>30, $F4<=60), E4, 0) | I4: =IF(AND(E4<>"" , $F4>60, $F4<=90), E4, 0) | J4: =IF(AND(E4<>"" , $F4>90, $F4<=120), E4, 0) | K4: =IF(AND(E4<>"" , $F4>120), E4, 0) | L4: =IF($F4>0,"En retard","A l'échéance") | N4: 31-60 | O4: =SUM(H2:H400)
F5: =IF(D5="", "", TODAY()-D5) | G5: =IF(AND(E5<>"" , $F5>=0, $F5<=30), E5, 0) | H5: =IF(AND(E5<>"" , $F5>30, $F5<=60), E5, 0) | I5: =IF(AND(E5<>"" , $F5>60, $F5<=90), E5, 0) | J5: =IF(AND(E5<>"" , $F5>90, $F5<=120), E5, 0) | K5: =IF(AND(E5<>"" , $F5>120), E5, 0) | L5: =IF($F5>0,"En retard","A l'échéance") | N5: 61-90 | O5: =SUM(I2:I400)
F6: =IF(D6="", "", TODAY()-D6) | G6: =IF(AND(E6<>"" , $F6>=0, $F6<=30), E6, 0) | H6: =IF(AND(E6<>"" , $F6>30, $F6<=60), E6, 0) | I6: =IF(AND(E6<>"" , $F6>60, $F6<=90), E6, 0) | J6: =IF(AND(E6<>"" , $F6>90, $F6<=120), E6, 0) | K6: =IF(AND(E6<>"" , $F6>120), E6, 0) | L6: =IF($F6>0,"En retard","A l'échéance") | N6: 91-120 | O6: =SUM(J2:J400)
F7: =IF(D7="", "", TODAY()-D7) | G7: =IF(AND(E7<>"" , $F7>=0, $F7<=30), E7, 0) | H7: =IF(AND(E7<>"" , $F7>30, $F7<=60), E7, 0) | I7: =IF(AND(E7<>"" , $F7>60, $F7<=90), E7, 0) | J7: =IF(AND(E7<>"" , $F7>90, $F7<=120), E7, 0) | K7: =IF(AND(E7<>"" , $F7>120), E7, 0) | L7: =IF($F7>0,"En retard","A l'échéance") | N7: >120 | O7: =SUM(K2:K400)
F8: =IF(D8="", "", TODAY()-D8) | G8: =IF(AND(E8<>"" , $F8>=0, $F8<=30), E8, 0) | H8: =IF(AND(E8<>"" , $F8>30, $F8<=60), E8, 0) | I8: =IF(AND(E8<>"" , $F8>60, $F8<=90), E8, 0) | J8: =IF(AND(E8<>"" , $F8>90, $F8<=120), E8, 0) | K8: =IF(AND(E8<>"" , $F8>120), E8, 0) | L8: =IF($F8>0,"En retard","A l'échéance") | N8: Total retard | O8: =SUM(O3:O7)
F9: =IF(D9="", "", TODAY()-D9) | G9: =IF(AND(E9<>"" , $F9>=0, $F9<=30), E9, 0) | H9: =IF(AND(E9<>"" , $F9>30, $F9<=60), E9, 0) | I9: =IF(AND(E9<>"" , $F9>60, $F9<=90), E9, 0) | J9: =IF(AND(E9<>"" , $F9>90, $F9<=120), E9, 0) | K9: =IF(AND(E9<>"" , $F9>120), E9, 0) | L9: =IF($F9>0,"En retard","A l'échéance") | N9: % >90j | O9: =IF(SUM(E2:E400)=0,"", (SUM(J2:K400)/SUM(E2:E400)))
F10: =IF(D10="", "", TODAY()-D10) | G10: =IF(AND(E10<>"" , $F10>=0, $F10<=30), E10, 0) | H10: =IF(AND(E10<>"" , $F10>30, $F10<=60), E10, 0) | I10: =IF(AND(E10<>"" , $F10>60, $F10<=90), E10, 0) | J10: =IF(AND(E10<>"" , $F10>90, $F10<=120), E10, 0) | K10: =IF(AND(E10<>"" , $F10>120), E10, 0) | L10: =IF($F10>0,"En retard","A l'échéance")
F11: =IF(D11="", "", TODAY()-D11) | G11: =IF(AND(E11<>"" , $F11>=0, $F11<=30), E11, 0) | H11: =IF(AND(E11<>"" , $F11>30, $F11<=60), E11, 0) | I11: =IF(AND(E11<>"" , $F11>60, $F11<=90), E11, 0) | J11: =IF(AND(E11<>"" , $F11>90, $F11<=120), E11, 0) | K11: =IF(AND(E11<>"" , $F11>120), E11, 0) | L11: =IF($F11>0,"En retard","A l'échéance")
F12: =IF(D12="", "", TODAY()-D12) | G12: =IF(AND(E12<>"" , $F12>=0, $F12<=30), E12, 0) | H12: =IF(AND(E12<>"" , $F12>30, $F12<=60), E12, 0) | I12: =IF(AND(E12<>"" , $F12>60, $F12<=90), E12, 0) | J12: =IF(AND(E12<>"" , $F12>90, $F12<=120), E12, 0) | K12: =IF(AND(E12<>"" , $F12>120), E12, 0) | L12: =IF($F12>0,"En retard","A l'échéance")
F13: =IF(D13="", "", TODAY()-D13) | G13: =IF(AND(E13<>"" , $F13>=0, $F13<=30), E13, 0) | H13: =IF(AND(E13<>"" , $F13>30, $F13<=60), E13, 0) | I13: =IF(AND(E13<>"" , $F13>60, $F13<=90), E13, 0) | J13: =IF(AND(E13<>"" , $F13>90, $F13<=120), E13, 0) | K13: =IF(AND(E13<>"" , $F13>120), E13, 0) | L13: =IF($F13>0,"En retard","A l'échéance")
F14: =IF(D14="", "", TODAY()-D14) | G14: =IF(AND(E14<>"" , $F14>=0, $F14<=30), E14, 0) | H14: =IF(AND(E14<>"" , $F14>30, $F14<=60), E14, 0) | I14: =IF(AND(E14<>"" , $F14>60, $F14<=90), E14, 0) | J14: =IF(AND(E14<>"" , $F14>90, $F14<=120), E14, 0) | K14: =IF(AND(E14<>"" , $F14>120), E14, 0) | L14: =IF($F14>0,"En retard","A l'échéance")
F15: =IF(D15="", "", TODAY()-D15) | G15: =IF(AND(E15<>"" , $F15>=0, $F15<=30), E15, 0) | H15: =IF(AND(E15<>"" , $F15>30, $F15<=60), E15, 0) | I15: =IF(AND(E15<>"" , $F15>60, $F15<=90), E15, 0) | J15: =IF(AND(E15<>"" , $F15>90, $F15<=120), E15, 0) | K15: =IF(AND(E15<>"" , $F15>120), E15, 0) | L15: =IF($F15>0,"En retard","A l'échéance")
F16: =IF(D16="", "", TODAY()-D16) | G16: =IF(AND(E16<>"" , $F16>=0, $F16<=30), E16, 0) | H16: =IF(AND(E16<>"" , $F16>30, $F16<=60), E16, 0) | I16: =IF(AND(E16<>"" , $F16>60, $F16<=90), E16, 0) | J16: =IF(AND(E16<>"" , $F16>90, $F16<=120), E16, 0) | K16: =IF(AND(E16<>"" , $F16>120), E16, 0) | L16: =IF($F16>0,"En retard","A l'échéance")
F17: =IF(D17="", "", TODAY()-D17) | G17: =IF(AND(E17<>"" , $F17>=0, $F17<=30), E17, 0) | H17: =IF(AND(E17<>"" , $F17>30, $F17<=60), E17, 0) | I17: =IF(AND(E17<>"" , $F17>60, $F17<=90), E17, 0) | J17: =IF(AND(E17<>"" , $F17>90, $F17<=120), E17, 0) | K17: =IF(AND(E17<>"" , $F17>120), E17, 0) | L17: =IF($F17>0,"En retard","A l'échéance")
F18: =IF(D18="", "", TODAY()-D18) | G18: =IF(AND(E18<>"" , $F18>=0, $F18<=30), E18, 0) | H18: =IF(AND(E18<>"" , $F18>30, $F18<=60), E18, 0) | I18: =IF(AND(E18<>"" , $F18>60, $F18<=90), E18, 0) | J18: =IF(AND(E18<>"" , $F18>90, $F18<=120), E18, 0) | K18: =IF(AND(E18<>"" , $F18>120), E18, 0) | L18: =IF($F18>0,"En retard","A l'échéance")
F19: =IF(D19="", "", TODAY()-D19) | G19: =IF(AND(E19<>"" , $F19>=0, $F19<=30), E19, 0) | H19: =IF(AND(E19<>"" , $F19>30, $F19<=60), E19, 0) | I19: =IF(AND(E19<>"" , $F19>60, $F19<=90), E19, 0) | J19: =IF(AND(E19<>"" , $F19>90, $F19<=120), E19, 0) | K19: =IF(AND(E19<>"" , $F19>120), E19, 0) | L19: =IF($F19>0,"En retard","A l'échéance")
F20: =IF(D20="", "", TODAY()-D20) | G20: =IF(AND(E20<>"" , $F20>=0, $F20<=30), E20, 0) | H20: =IF(AND(E20<>"" , $F20>30, $F20<=60), E20, 0) | I20: =IF(AND(E20<>"" , $F20>60, $F20<=90), E20, 0) | J20: =IF(AND(E20<>"" , $F20>90, $F20<=120), E20, 0) | K20: =IF(AND(E20<>"" , $F20>120), E20, 0) | L20: =IF($F20>0,"En retard","A l'échéance")
F21: =IF(D21="", "", TODAY()-D21) | G21: =IF(AND(E21<>"" , $F21>=0, $F21<=30), E21, 0) | H21: =IF(AND(E21<>"" , $F21>30, $F21<=60), E21, 0) | I21: =IF(AND(E21<>"" , $F21>60, $F21<=90), E21, 0) | J21: =IF(AND(E21<>"" , $F21>90, $F21<=120), E21, 0) | K21: =IF(AND(E21<>"" , $F21>120), E21, 0) | L21: =IF($F21>0,"En retard","A l'échéance")
... F401: =IF(D401="", "", TODAY()-D401) | G401: =IF(AND(E401<>"" , $F401>=0, $F401<=30), E401, 0) | H401: =IF(AND(E401<>"" , $F401>30, $F401<=60), E401, 0) | I401: =IF(AND(E401<>"" , $F401>60, $F401<=90), E401, 0) | J401: =IF(AND(E401<>"" , $F401>90, $F401<=120), E401, 0) | K401: =IF(AND(E401<>"" , $F401>120), E401, 0) | L401: =IF($F401>0,"En retard","A l'échéance")

Sheet VMP_Portefeuille
A1: Date | B1: ISIN | C1: Titre | D1: Type | E1: Qté | F1: Prix | G1: Frais | H1: Sens | I1: Devise | J1: Note | K1: Stock Qté | L1: Coût total ligne | M1: PMP après opé | N1: PV/MV réalisée
K2: =IF(B2="", "", IF(B2=B1, L1 + IF(H2="Vente",-ABS(E2),ABS(E2)), IF(H2="Vente",-ABS(E2),ABS(E2)))) | L2: =IF(AND(E2<>"" , F2<>""), E2*F2 + IF(G2="",0,G2), "") | M2: =IF(OR(B2="", E2=""), "", IF(H2="Achat", IF(L2=0, "", (IF(B2=B1, L1*M1,0) + K2) / L2), M1)) | N2: =IF(H2<>"Vente","", (ABS(E2)*F2) - (ABS(E2)*M1))
K3: =IF(B3="", "", IF(B3=B2, L2 + IF(H3="Vente",-ABS(E3),ABS(E3)), IF(H3="Vente",-ABS(E3),ABS(E3)))) | L3: =IF(AND(E3<>"" , F3<>""), E3*F3 + IF(G3="",0,G3), "") | M3: =IF(OR(B3="", E3=""), "", IF(H3="Achat", IF(L3=0, "", (IF(B3=B2, L2*M2,0) + K3) / L3), M2)) | N3: =IF(H3<>"Vente","", (ABS(E3)*F3) - (ABS(E3)*M2))
K4: =IF(B4="", "", IF(B4=B3, L3 + IF(H4="Vente",-ABS(E4),ABS(E4)), IF(H4="Vente",-ABS(E4),ABS(E4)))) | L4: =IF(AND(E4<>"" , F4<>""), E4*F4 + IF(G4="",0,G4), "") | M4: =IF(OR(B4="", E4=""), "", IF(H4="Achat", IF(L4=0, "", (IF(B4=B3, L3*M3,0) + K4) / L4), M3)) | N4: =IF(H4<>"Vente","", (ABS(E4)*F4) - (ABS(E4)*M3))
K5: =IF(B5="", "", IF(B5=B4, L4 + IF(H5="Vente",-ABS(E5),ABS(E5)), IF(H5="Vente",-ABS(E5),ABS(E5)))) | L5: =IF(AND(E5<>"" , F5<>""), E5*F5 + IF(G5="",0,G5), "") | M5: =IF(OR(B5="", E5=""), "", IF(H5="Achat", IF(L5=0, "", (IF(B5=B4, L4*M4,0) + K5) / L5), M4)) | N5: =IF(H5<>"Vente","", (ABS(E5)*F5) - (ABS(E5)*M4))
K6: =IF(B6="", "", IF(B6=B5, L5 + IF(H6="Vente",-ABS(E6),ABS(E6)), IF(H6="Vente",-ABS(E6),ABS(E6)))) | L6: =IF(AND(E6<>"" , F6<>""), E6*F6 + IF(G6="",0,G6), "") | M6: =IF(OR(B6="", E6=""), "", IF(H6="Achat", IF(L6=0, "", (IF(B6=B5, L5*M5,0) + K6) / L6), M5)) | N6: =IF(H6<>"Vente","", (ABS(E6)*F6) - (ABS(E6)*M5))
K7: =IF(B7="", "", IF(B7=B6, L6 + IF(H7="Vente",-ABS(E7),ABS(E7)), IF(H7="Vente",-ABS(E7),ABS(E7)))) | L7: =IF(AND(E7<>"" , F7<>""), E7*F7 + IF(G7="",0,G7), "") | M7: =IF(OR(B7="", E7=""), "", IF(H7="Achat", IF(L7=0, "", (IF(B7=B6, L6*M6,0) + K7) / L7), M6)) | N7: =IF(H7<>"Vente","", (ABS(E7)*F7) - (ABS(E7)*M6))
K8: =IF(B8="", "", IF(B8=B7, L7 + IF(H8="Vente",-ABS(E8),ABS(E8)), IF(H8="Vente",-ABS(E8),ABS(E8)))) | L8: =IF(AND(E8<>"" , F8<>""), E8*F8 + IF(G8="",0,G8), "") | M8: =IF(OR(B8="", E8=""), "", IF(H8="Achat", IF(L8=0, "", (IF(B8=B7, L7*M7,0) + K8) / L8), M7)) | N8: =IF(H8<>"Vente","", (ABS(E8)*F8) - (ABS(E8)*M7))
K9: =IF(B9="", "", IF(B9=B8, L8 + IF(H9="Vente",-ABS(E9),ABS(E9)), IF(H9="Vente",-ABS(E9),ABS(E9)))) | L9: =IF(AND(E9<>"" , F9<>""), E9*F9 + IF(G9="",0,G9), "") | M9: =IF(OR(B9="", E9=""), "", IF(H9="Achat", IF(L9=0, "", (IF(B9=B8, L8*M8,0) + K9) / L9), M8)) | N9: =IF(H9<>"Vente","", (ABS(E9)*F9) - (ABS(E9)*M8))
K10: =IF(B10="", "", IF(B10=B9, L9 + IF(H10="Vente",-ABS(E10),ABS(E10)), IF(H10="Vente",-ABS(E10),ABS(E10)))) | L10: =IF(AND(E10<>"" , F10<>""), E10*F10 + IF(G10="",0,G10), "") | M10: =IF(OR(B10="", E10=""), "", IF(H10="Achat", IF(L10=0, "", (IF(B10=B9, L9*M9,0) + K10) / L10), M9)) | N10: =IF(H10<>"Vente","", (ABS(E10)*F10) - (ABS(E10)*M9))
K11: =IF(B11="", "", IF(B11=B10, L10 + IF(H11="Vente",-ABS(E11),ABS(E11)), IF(H11="Vente",-ABS(E11),ABS(E11)))) | L11: =IF(AND(E11<>"" , F11<>""), E11*F11 + IF(G11="",0,G11), "") | M11: =IF(OR(B11="", E11=""), "", IF(H11="Achat", IF(L11=0, "", (IF(B11=B10, L10*M10,0) + K11) / L11), M10)) | N11: =IF(H11<>"Vente","", (ABS(E11)*F11) - (ABS(E11)*M10))
K12: =IF(B12="", "", IF(B12=B11, L11 + IF(H12="Vente",-ABS(E12),ABS(E12)), IF(H12="Vente",-ABS(E12),ABS(E12)))) | L12: =IF(AND(E12<>"" , F12<>""), E12*F12 + IF(G12="",0,G12), "") | M12: =IF(OR(B12="", E12=""), "", IF(H12="Achat", IF(L12=0, "", (IF(B12=B11, L11*M11,0) + K12) / L12), M11)) | N12: =IF(H12<>"Vente","", (ABS(E12)*F12) - (ABS(E12)*M11))
K13: =IF(B13="", "", IF(B13=B12, L12 + IF(H13="Vente",-ABS(E13),ABS(E13)), IF(H13="Vente",-ABS(E13),ABS(E13)))) | L13: =IF(AND(E13<>"" , F13<>""), E13*F13 + IF(G13="",0,G13), "") | M13: =IF(OR(B13="", E13=""), "", IF(H13="Achat", IF(L13=0, "", (IF(B13=B12, L12*M12,0) + K13) / L13), M12)) | N13: =IF(H13<>"Vente","", (ABS(E13)*F13) - (ABS(E13)*M12))
... K301: =IF(B301="", "", IF(B301=B300, L300 + IF(H301="Vente",-ABS(E301),ABS(E301)), IF(H301="Vente",-ABS(E301),ABS(E301)))) | L301: =IF(AND(E301<>"" , F301<>""), E301*F301 + IF(G301="",0,G301), "") | M301: =IF(OR(B301="", E301=""), "", IF(H301="Achat", IF(L301=0, "", (IF(B301=B300, L300*M300,0) + K301) / L301), M300)) | N301: =IF(H301<>"Vente","", (ABS(E301)*F301) - (ABS(E301)*M300))

Sheet VMP_Evaluation
A1: ISIN | B1: Titre | C1: Qté en stock | D1: Coût unitaire (PMP) | E1: Cours de clôture | F1: Valeur d'inventaire | G1: Ecart | H1: Dépréciation à constater
F2: =IF(AND(C2<>"", E2<>""), C2*E2, "") | G2: =IF(AND(D2<>"", F2<>""), F2-D2, "") | H2: =IF(AND(F2<>"", D2<>"" , F2<D2), D2-F2, 0)
F3: =IF(AND(C3<>"", E3<>""), C3*E3, "") | G3: =IF(AND(D3<>"", F3<>""), F3-D3, "") | H3: =IF(AND(F3<>"", D3<>"" , F3<D3), D3-F3, 0)
F4: =IF(AND(C4<>"", E4<>""), C4*E4, "") | G4: =IF(AND(D4<>"", F4<>""), F4-D4, "") | H4: =IF(AND(F4<>"", D4<>"" , F4<D4), D4-F4, 0)
F5: =IF(AND(C5<>"", E5<>""), C5*E5, "") | G5: =IF(AND(D5<>"", F5<>""), F5-D5, "") | H5: =IF(AND(F5<>"", D5<>"" , F5<D5), D5-F5, 0)
F6: =IF(AND(C6<>"", E6<>""), C6*E6, "") | G6: =IF(AND(D6<>"", F6<>""), F6-D6, "") | H6: =IF(AND(F6<>"", D6<>"" , F6<D6), D6-F6, 0)
F7: =IF(AND(C7<>"", E7<>""), C7*E7, "") | G7: =IF(AND(D7<>"", F7<>""), F7-D7, "") | H7: =IF(AND(F7<>"", D7<>"" , F7<D7), D7-F7, 0)
F8: =IF(AND(C8<>"", E8<>""), C8*E8, "") | G8: =IF(AND(D8<>"", F8<>""), F8-D8, "") | H8: =IF(AND(F8<>"", D8<>"" , F8<D8), D8-F8, 0)
F9: =IF(AND(C9<>"", E9<>""), C9*E9, "") | G9: =IF(AND(D9<>"", F9<>""), F9-D9, "") | H9: =IF(AND(F9<>"", D9<>"" , F9<D9), D9-F9, 0)
F10: =IF(AND(C10<>"", E10<>""), C10*E10, "") | G10: =IF(AND(D10<>"", F10<>""), F10-D10, "") | H10: =IF(AND(F10<>"", D10<>"" , F10<D10), D10-F10, 0)
F11: =IF(AND(C11<>"", E11<>""), C11*E11, "") | G11: =IF(AND(D11<>"", F11<>""), F11-D11, "") | H11: =IF(AND(F11<>"", D11<>"" , F11<D11), D11-F11, 0)
F12: =IF(AND(C12<>"", E12<>""), C12*E12, "") | G12: =IF(AND(D12<>"", F12<>""), F12-D12, "") | H12: =IF(AND(F12<>"", D12<>"" , F12<D12), D12-F12, 0)
F13: =IF(AND(C13<>"", E13<>""), C13*E13, "") | G13: =IF(AND(D13<>"", F13<>""), F13-D13, "") | H13: =IF(AND(F13<>"", D13<>"" , F13<D13), D13-F13, 0)
... F61: =IF(AND(C61<>"", E61<>""), C61*E61, "") | G61: =IF(AND(D61<>"", F61<>""), F61-D61, "") | H61: =IF(AND(F61<>"", D61<>"" , F61<D61), D61-F61, 0)

Sheet Rappro_Banque
A1: Date | B1: Référence | C1: Libellé | D1: Débit | E1: Crédit | F1: Solde banque (relevé) | G1: Solde compta (512) | H1: Solde calculé | I1: Ecart banque/compta | J1: Pointé (Oui/Non) | K1: Note
H2: =IF(AND(D2="",E2=""), IF(H1="","",H1), IF(H1="", E2-D2, H1+E2-D2)) | I2: =IF(OR(F2="", G2=""), "", F2-G2)
H3: =IF(AND(D3="",E3=""), IF(H2="","",H2), IF(H2="", E3-D3, H2+E3-D3)) | I3: =IF(OR(F3="", G3=""), "", F3-G3)
H4: =IF(AND(D4="",E4=""), IF(H3="","",H3), IF(H3="", E4-D4, H3+E4-D4)) | I4: =IF(OR(F4="", G4=""), "", F4-G4)
H5: =IF(AND(D5="",E5=""), IF(H4="","",H4), IF(H4="", E5-D5, H4+E5-D5)) | I5: =IF(OR(F5="", G5=""), "", F5-G5)
H6: =IF(AND(D6="",E6=""), IF(H5="","",H5), IF(H5="", E6-D6, H5+E6-D6)) | I6: =IF(OR(F6="", G6=""), "", F6-G6)
H7: =IF(AND(D7="",E7=""), IF(H6="","",H6), IF(H6="", E7-D7, H6+E7-D7)) | I7: =IF(OR(F7="", G7=""), "", F7-G7)
H8: =IF(AND(D8="",E8=""), IF(H7="","",H7), IF(H7="", E8-D8, H7+E8-D8)) | I8: =IF(OR(F8="", G8=""), "", F8-G8)
H9: =IF(AND(D9="",E9=""), IF(H8="","",H8), IF(H8="", E9-D9, H8+E9-D9)) | I9: =IF(OR(F9="", G9=""), "", F9-G9)
H10: =IF(AND(D10="",E10=""), IF(H9="","",H9), IF(H9="", E10-D10, H9+E10-D10)) | I10: =IF(OR(F10="", G10=""), "", F10-G10)
H11: =IF(AND(D11="",E11=""), IF(H10="","",H10), IF(H10="", E11-D11, H10+E11-D11)) | I11: =IF(OR(F11="", G11=""), "", F11-G11)
H12: =IF(AND(D12="",E12=""), IF(H11="","",H11), IF(H11="", E12-D12, H11+E12-D12)) | I12: =IF(OR(F12="", G12=""), "", F12-G12)
H13: =IF(AND(D13="",E13=""), IF(H12="","",H12), IF(H12="", E13-D13, H12+E13-D13)) | I13: =IF(OR(F13="", G13=""), "", F13-G13)
... H401: =IF(AND(D401="",E401=""), IF(H400="","",H400), IF(H400="", E401-D401, H400+E401-D401)) | I401: =IF(OR(F401="", G401=""), "", F401-G401)
